 Dungeon Crawl Stone Soup version 0.28.0-53-g5a82cb258f (webtiles) character file.

Game seed: 16307678563731940069

1512 ChickenMitten the Ogre Mage (level 8, 0/79 HPs)
             Began as an Ogre Conjurer on Aug 6, 2022.
             Was an Initiate of Vehumet.
             Slain by diceflayer's ghost (1 damage)
             ... on level 6 of the Dungeon.
             The game lasted 00:11:04 (6600 turns).

ChickenMitten the Ogre Mage (Ogre Conjurer)         Turns: 6600, Time: 00:11:04

Health: 0/79       AC:  3    Str: 12    XL:     8   Next: 83%
Magic:  5/20       EV:  9    Int: 21    God:    Vehumet [......]
Gold:   291        SH:  0    Dex:  7    Spells: 21/24 levels left

rFire   . . .      SeeInvis .   e - +0 dagger (freeze)
rCold   . . .      Faith    .   (no shield)
rNeg    + . .      Spirit   .   a - +0 robe
rPois   .          Reflect  .   (helmet restricted)
rElec   .          Harm     .   (no cloak)
rCorr   .          Rampage  .   (gloves unavailable)
Will    .....                   (boots unavailable)
Stlth   +.........              (no amulet)
HPRegen 0.23/turn               x - ring of positive energy
MPRegen 0.17/turn               (no ring)

@: no status effects
A: large, unfitting armour, tough skin 1
a: Renounce Religion


You were on level 6 of the Dungeon.
You worshipped Vehumet.
Vehumet was noncommittal.
You visited 2 branches of the dungeon, and saw 7 of its levels.

You collected 291 gold pieces.

Inventory:

Hand Weapons
 e - a +0 dagger of freezing (weapon)
Missiles
 b - a throwing net
Armour
 a - a +0 robe (worn)
Jewellery
 x - a ring of positive energy (left hand)
Wands
 t - a wand of iceblast (10)
Scrolls
 g - 2 scrolls of fear {unknown}
 j - 5 scrolls of identify {unknown}
 k - 3 scrolls of magic mapping {unknown}
 l - 2 scrolls of amnesia {unknown}
 n - a scroll of noise {unknown}
 o - a scroll of enchant weapon {unknown}
 p - a scroll of blinking {unknown}
 s - 4 scrolls of teleportation {unknown}
 v - a scroll of immolation {unknown}
 y - a scroll of holy word {unknown}
Potions
 c - a potion of curing {unknown}
 d - 2 potions of ambrosia {unknown}
 f - 2 potions of magic {unknown}
 h - 2 potions of attraction {unknown}
 i - a potion of lignification {unknown}
 m - a potion of heal wounds {unknown}
 q - a potion of cancellation {unknown}
 r - 2 potions of invisibility {unknown}
 u - 2 potions of flight {unknown}
 w - a potion of brilliance {unknown}
 z - a potion of resistance
 A - a potion of berserk rage {unknown}
 B - a potion of mutation {unknown}


   Skills:
 * Level 4.4 Fighting
 - Level 1.7 Dodging
 - Level 1.4 Stealth
 * Level 8.5 Spellcasting
 * Level 7.2 Conjurations


You had 21 spell levels left.
You knew the following spells:

 Your Spells              Type           Power      Damage    Failure   Level
a - Magic Dart            Conj           100%       1d8       1%          1
b - Searing Ray           Conj           78%        2d7       1%          2

Your spell library contained the following spells:

 Spells                   Type           Power      Damage    Failure   Level
 Dazzling Flash           Conj/Hex       48%        N/A       4%          3
 Beastly Appendage        Tmut           16%        N/A       8%          1
 Pain                     Necr           32%        1d5       8%          1
 Wereblood                Tmut           8%         N/A       12%         2
 Fulminant Prism          Conj/Hex       12%        3d9       17%         4
 Iskenderun's Mystic Bla  Conj/Tloc      24%        2d7       17%         4
 Spider Form              Tmut/Pois      8%         N/A       22%         3
 Cause Fear               Hex            4%         N/A       58%         4
 Agony                    Necr           8%         N/A       91%         5
 Excruciating Wounds      Necr           4%         N/A       91%         5
 Dragon Form              Tmut           4%         N/A       100%        7
 Dragon's Call            Summ           4%         N/A       100%        9


Dungeon Overview and Level Annotations

Branches:
Dungeon (6/15)             Temple (1/1) D:6

Altars:
Kikubaaqudgha
Qazlal
Vehumet
Wu Jian

Shops:
D:4 (

Annotations:
D:6 diceflayer's ghost, novice MiFi


Innate Abilities, Weirdness & Mutations

You are too large for most types of armour.
You have tough skin. (AC +1)


Message History

Diceflayer's ghost hits you! Diceflayer's ghost freezes you.
The searing ray hits diceflayer's ghost.
Diceflayer's ghost is heavily damaged.
You finish channelling your searing ray.
Diceflayer's ghost hits you but does no damage.
Casting: Searing Ray (safe; 1% risk of failure)
Confirm with . or Enter, or press ? or * to list all spells.
Aiming: Searing Ray (safe; 1% risk of failure)
Press: ? - help, Shift-Dir - straight line, f/p - diceflayer's ghost
Aim: diceflayer's ghost, wielding a weapon of freezing (heavily damaged, 83% to hit)
The searing ray hits diceflayer's ghost!
Diceflayer's ghost is heavily damaged. (Press . to maintain the ray.) Diceflayer's ghost hits you!
Diceflayer's ghost freezes you.
The searing ray hits diceflayer's ghost!
Diceflayer's ghost is severely damaged.
Diceflayer's ghost hits you!! Diceflayer's ghost freezes you!
* * * LOW HITPOINT WARNING * * *
The searing ray hits diceflayer's ghost but does no damage.
Diceflayer's ghost is severely damaged.
Diceflayer's ghost hits you.
* * * LOW HITPOINT WARNING * * *
Diceflayer's ghost freezes you.
* * * LOW HITPOINT WARNING * * *
The searing ray hits diceflayer's ghost.
Diceflayer's ghost is severely damaged.
You finish channelling your searing ray.
Diceflayer's ghost hits you but does no damage.
Casting: Searing Ray (safe; 1% risk of failure)
Confirm with . or Enter, or press ? or * to list all spells.
Aiming: Searing Ray (safe; 1% risk of failure)
Press: ? - help, Shift-Dir - straight line, f/p - diceflayer's ghost
Aim: diceflayer's ghost, wielding a weapon of freezing (severely damaged, 83% to hit)
The searing ray hits diceflayer's ghost!
Diceflayer's ghost is severely damaged. (Press . to maintain the ray.) Diceflayer's ghost hits you!
* * * LOW HITPOINT WARNING * * *
Diceflayer's ghost freezes you.
You die...

'.####.........##.......###....##
#..<...........#......###........
#......###............##........#
#.......##)....#..........)......
#......###[....##................
.......##...#.###..............##
.....#....[##..................##
....####..<).....########......##
...##.###.......@W†≈≈≈[≈#......##
............)....########.......#
....##.........<........##.##...#
#.......................#.###....
#.>###.......#............###....
#...#........##..†.........##....
..............#.........#..##....
............###..(......##...#...
............###................[.


You could see diceflayer's ghost.

Vanquished Creatures
  A water moccasin (D:6)
  An orc warrior (D:6)
  A sky beast (D:5)
  A necrophage (D:5)
  2 ogres (D:4)
  A centaur (D:5)
  2 phantoms (D:5)
  A bullfrog (D:6)
  A scorpion (D:5)
  2 bullfrog zombies
  A centaur zombie (D:5)
  2 hounds
  A jelly (D:4)
  A bullfrog skeleton (D:6)
  2 gnoll shamans (D:6)
  2 orc wizards (D:5)
  A howler monkey zombie (D:6)
  4 adders
  14 gnolls
  2 shadow imps (D:6)
  An adder skeleton (D:4)
  A worm (D:4)
  2 dart slugs
  12 orcs
  3 endoplasms
  A giant cockroach (D:3)
  8 goblins
  6 hobgoblins
  10 kobolds
  5 quokkas
  4 ball pythons
  10 bats
  4 frilled lizards
  5 rats
115 creatures vanquished.

Notes
Turn   | Place    | Note
-------+----------+-------------------------------------------
     0 | D:1      | ChickenMitten the Ogre Conjurer began the quest for the
                  | Orb.
     0 | D:1      | Reached XP level 1. HP: 16/16 MP: 3/3
   182 | D:1      | Reached XP level 2. HP: 26/26 MP: 2/5
   616 | D:1      | Reached XP level 3. HP: 32/32 MP: 1/7
  1075 | D:2      | Reached skill level 1 in Fighting
  1155 | D:2      | Learned a level 2 spell: Searing Ray
  2250 | D:3      | Reached skill level 3 in Spellcasting
  2543 | D:3      | Found a faded altar of an unknown god.
  2924 | D:4      | Reached XP level 4. HP: 41/41 MP: 2/8
  3045 | D:4      | Noticed an ogre
  3127 | D:4      | Killed an ogre
  3128 | D:4      | Reached skill level 4 in Spellcasting
  3128 | D:4      | Reached skill level 5 in Conjurations
  3128 | D:4      | Reached XP level 5. HP: 49/49 MP: 0/11
  3291 | D:4      | Noticed an ogre
  3296 | D:4      | Killed an ogre
  3297 | D:4      | Reached XP level 6. HP: 22/57 MP: 4/13
  3495 | D:4      | Found Durhex's Antique Weapon Boutique.
  3803 | D:5      | Entered Level 5 of the Dungeon
  3813 | D:5      | Reached skill level 5 in Spellcasting
  3932 | D:5      | Reached XP level 7. HP: 61/66 MP: 6/15
  4250 | D:5      | Reached skill level 6 in Spellcasting
  4861 | D:4      | Reached XP level 8. HP: 75/75 MP: 14/18
  5292 | D:5      | Reached skill level 7 in Spellcasting
  5480 | D:6      | Found a runed translucent door.
  5484 | D:6      | Noticed diceflayer's ghost (novice MiFi)
  5744 | D:6      | Found a staircase to the Ecumenical Temple.
  5778 | Temple   | Entered the Ecumenical Temple
  5873 | Temple   | Became a worshipper of Vehumet
  6178 | D:6      | Reached skill level 8 in Spellcasting
  6600 | D:6      | HP: 1/79 [diceflayer's ghost (11)]
  6600 | D:6      | Slain by diceflayer's ghost

Illustrated notes

Levels and vault maps discovered:
D:1:      dpeg_arrival_rooms_with_view, layout_basic
D:2:      layout_rooms
D:3:      layout_basic, hellmonk_ecumenical_altar_inner_sanctum,
          guppyfry_early_orc_mine
D:4:      layout_rooms, serial_shops, shop_statue
D:5:      layout_rooms, corexii_checkpoint_a, minivault_23,
          kennysheep_generic_room_15
D:6:      layout_cave_pools, temple_green, ebering_ghost_sewer_d
Temple:   mainiacjoe_temple_cubbyholes

Skill      XL: |  1  2  3  4  5  6  7  8 |
---------------+-------------------------+-----
Conjurations   | 4 5 6 7 |  7.2
Fighting       | 1 2 3 4 |  4.4
Spellcasting   | 3 4 5 6 8 |  8.5
Dodging        | |  1.7
Stealth        | |  1.4

Action                   |  1- 3 |  4- 6 |  7- 9 || total
-------------------------+-------+-------+-------++-------
Melee: Unarmed           |     1 |       |       ||     1
       Dagger            |     1 |     1 |    11 ||    13
 Cast: Magic Dart        |    81 |    36 |    77 ||   194
       Searing Ray       |     1 |     8 |    35 ||    44
Armor: Robe              |     4 |     3 |    17 ||    24
Dodge: Dodged            |     6 |     9 |    43 ||    58
